 Dungeon Crawl Stone Soup version 0.28-a0-803-g74956062c1 (webtiles) character file.

Game seed: 11705705382441163904

103 jnbjl the Vexing (level 4, -4/21 HPs)
             Began as a Spriggan Enchanter on Nov 7, 2021.
             Succumbed to a kobold brigand's curare-tipped dart
             ... in a sewer.
             The game lasted 00:09:01 (3375 turns).

jnbjl the Vexing (Spriggan Enchanter)               Turns: 3375, Time: 00:09:02

Health: -4/21      AC:  2    Str:  5    XL:     4   Next: 51%
Magic:  11/11      EV: 17    Int: 16    God:
Gold:   83         SH:  0    Dex: 15    Spells: 4/12 levels left

rFire   . . .      SeeInvis +   j - +3 dagger (speed)
rCold   . . .      Faith    .   (shield restricted)
rNeg    + . .      Spirit   .   b - +0 robe
rPois   .          Reflect  .   (helmet restricted)
rElec   .          Harm     .   (no cloak)
rCorr   .          Rampage  .   (gloves unavailable)
Will    .....                   (boots unavailable)
Stlth   +++.......              (no amulet)
HPRegen 0.07/turn               i - ring of positive energy
MPRegen 0.12/turn               (no ring)

@: lethally poisoned (-4 -> -34), hasted and slowed, very quick
A: very small, no large weapons, unfitting armour, see invisible, speed 3
a: no special abilities


You were in a sewer.
You visited 1 branch of the dungeon, and saw 3 of its levels.
You also visited: Sewer.

You collected 83 gold pieces.

Inventory:

Hand Weapons
 a - a +1 dagger
 j - a +3 dagger of speed (weapon)
Armour
 b - a +0 robe (worn)
Jewellery
 i - a ring of positive energy (left hand)
 l - a ring of ice
Potions
 d - a potion of haste
 e - a potion of cancellation
 k - a potion of brilliance {unknown}


   Skills:
 - Level 1.1 Short Blades
 - Level 2.6 Dodging
 - Level 4.4 Stealth
 + Level 4.6 Spellcasting
 + Level 5.2 Hexes


You had 4 spell levels left.
You knew the following spells:

 Your Spells              Type           Power      Damage    Failure   Level
a - Ensorcelled Hibernat  Hex/Ice        24%        N/A       9%          2
b - Tukima's Dance        Hex            20%        N/A       5%          3
c - Dazzling Flash        Conj/Hex       24%        N/A       16%         3

Your spell library contained the following spells:

 Spells                   Type           Power      Damage    Failure   Level
 Confusing Touch          Hex            20%        N/A       5%          3
 Sublimation of Blood     Necr           3%         N/A       24%         2
 Wereblood                Tmut           3%         N/A       24%         2
 Summon Hydra             Summ           1%         N/A       100%        7


Dungeon Overview and Level Annotations

Branches:
Dungeon (3/15)              Sewer (1/1)

Altars:

Shops:
D:3 :


Innate Abilities, Weirdness & Mutations

You are very small and have problems with some larger weapons.
You are too small for most types of armour.
You have supernaturally acute eyesight. (SInv)
You cover ground extremely quickly. (Speed+++)


Message History

You flicker for a moment.
You flicker back into view.
Magic restored.
Your magical contamination has completely faded away.
HP restored.
You see here a rat corpse.
You enter the shallow water.
Moving in this stuff is going to be slow.
Found a gate leading back out of this place.
You enter the shallow water.
Moving in this stuff is going to be slow.
You enter the shallow water.
Moving in this stuff is going to be slow.
A jackal comes into view.
You enter the shallow water.
Moving in this stuff is going to be slow.
The jackal barks!
A kobold comes into view. It is wielding a +0 short sword. x2
A kobold brigand comes into view.
It is wielding a +0 whip and quivering curare-tipped darts.
The kobold brigand shouts!
The kobold shouts!
A kobold comes into view. It is wielding a +0 short sword.
The kobold shouts! x2
The jackal bites you but does no damage.
You enter the shallow water.
Moving in this stuff is going to be slow.
The jackal closely misses you.
The kobold brigand throws a curare-tipped dart.
The curare-tipped dart hits you.
You are poisoned.
You have difficulty breathing.
You feel yourself slow down.
You feel very sick.
The jackal splashes around in the water. x2
The kobold brigand throws a curare-tipped dart.
The curare-tipped dart hits you.
You are more poisoned.
You have difficulty breathing.
* * * LOW HITPOINT WARNING * * *
You feel as though you will be slow longer.
It was a potion of haste.
You feel yourself speed up.
You die...

### ## ############ #∩#
##. #..≈.≈..≈≈.###.###
#...#..≈≈≈≈≈.≈.≈.....###
...#≈≈≈≈≈≈≈≈≈≈≈≈≈≈≈≈≈≈≈
K.KK≈≈≈≈≈≈≈≈≈≈≈≈≈≈≈≈≈≈
#K≈≈≈≈≈≈≈≈≈≈≈≈≈≈≈≈≈≈
#..h≈≈≈≈.≈≈......###
#.≈@≈≈≈.≈≈≈#######
#########≈## #≈# #≈# #≈#
#≈# #≈# #≈# #≈#


You could see a kobold brigand, a jackal and 2 kobolds.

Vanquished Creatures
  A river rat (Sewer)
  4 adders
  2 dart slugs
  An endoplasm (D:1)
  8 giant cockroaches
  2 goblins (D:3)
  2 hobgoblins
  6 jackals
  3 kobolds
  4 quokkas
  3 ball pythons
  5 bats
  5 frilled lizards
  9 rats
55 creatures vanquished.

Notes
Turn   | Place    | Note
-------+----------+-------------------------------------------
     0 | D:1      | jnbjl the Spriggan Enchanter began the quest for the Orb.
     0 | D:1      | Reached XP level 1. HP: 9/9 MP: 5/5
   264 | D:1      | Reached skill level 4 in Hexes
   273 | D:1      | Reached XP level 2. HP: 10/13 MP: 7/7
   283 | D:2      | Learned a level 2 spell: Ensorcelled Hibernation
   517 | D:1      | Found a faded altar of an unknown god.
  1472 | D:1      | Reached XP level 3. HP: 4/16 MP: 6/9
  1769 | D:2      | Learned a level 3 spell: Tukima's Dance
  1773 | D:2      | Learned a level 3 spell: Dazzling Flash
  2910 | D:3      | Reached skill level 5 in Hexes
  2910 | D:3      | Reached XP level 4. HP: 21/21 MP: 3/11
  2948 | D:3      | Found Qaed's Book Shop.
  3169 | D:3      | Found a glowing drain.
  3193 | Sewer    | Entered a sewer
  3369 | Sewer    | Noticed a kobold brigand
  3375 | Sewer    | Succumbed to a kobold brigand's curare-tipped dart

Illustrated notes

Levels and vault maps discovered:
D:1:      dpeg_arrival_snail, layout_basic, ebering_ecumenical_altar_abandoned
D:2:      layout_basic, minmay_misc_feat_plants
D:3:      layout_basic, serial_shops, shop_fountains, portal_sewer_entry_f,
          uniq_crazy_yiuf_cottage, uniq_robin
Sewer:    sewer_kobolds

Skill      XL: |  1  2  3 |
---------------+----------+-----
Spellcasting   | 3 4 |  4.6
Hexes          | 4 5 |  5.2
Short Blades   | |  1.1
Dodging        | |  2.6
Stealth        | |  4.4

Action                   |  1- 3 |  4- 6 || total
-------------------------+-------+-------++-------
Melee: Dagger            |   168 |    35 ||   203
 Cast: Ensorcelled Hiber |    28 |     5 ||    33
  Use: Scroll            |     8 |       ||     8
       Potion            |       |     6 ||     6
 Stab: Sleeping          |    25 |     3 ||    28
       Distracted        |     1 |       ||     1
Armor: Robe              |    19 |     7 ||    26
Dodge: Dodged            |   147 |    54 ||   201

Table legend: (Time is in decaauts)
 A = Elapsed time spent in this place.
 B = Non-inter-level travel time spent in this place.
 C = Inter-level travel time spent in this place.
 D = Time resting spent in this place.
 E = Time spent auto-exploring this place.
 F = Levels seen in this place.
 G = Mean time per level.
                   A        B        C        D        E       F      G
               +--------+--------+--------+--------+--------+-----+--------+
         Total |   2772 |   2689 |     83 |    546 |   1537 |   4 |  693.0 |
       Dungeon |   2600 |   2517 |     83 |    546 |   1386 |   3 |  866.7 |
         Sewer |    172 |    172 |      0 |      0 |    151 |   1 |  172.0 |
               +--------+--------+--------+--------+--------+-----+--------+

Top non-repeatable levels by time:
     D:1: 1321 daAuts
     D:2: 834 daAuts
     D:3: 444 daAuts
   Sewer: 172 daAuts
